 Dungeon Crawl Stone Soup version 0.28.0-43-g3370ac3207 (webtiles) character file.

Game seed: 890556851130144210

57 funkygono the Firebug (level 3, 0/25 HPs)
             Began as a Demonspawn Fire Elementalist on Mar 17, 2022.
             Frozen to death by an endoplasm (5 damage)
             ... on level 1 of the Dungeon.
             The game lasted 00:02:06 (1323 turns).

funkygono the Firebug (DsFE)                        Turns: 1323, Time: 00:02:06

Health: 0/25       AC:  4    Str:  8    XL:     3   Next: 73%
Magic:  0/6        EV: 12    Int: 18    God:
Gold:   52         SH:  0    Dex: 13    Spells: 4/7 levels left

rFire   . . .      SeeInvis .   c - +0 dagger
rCold   . . .      Faith    .   (no shield)
rNeg    . . .      Spirit   .   a - +0 robe
rPois   .          Reflect  .   (no helmet)
rElec   .          Harm     .   (no cloak)
rCorr   .          Rampage  .   (no gloves)
Will    .....                   (no boots)
Stlth   ++........              (no amulet)
HPRegen 0.08/turn               (no ring)
MPRegen 0.10/turn               (no ring)

@: no status effects
A: claws 1, icy blue scales 1
a: no special abilities


You were on level 1 of the Dungeon.
You visited 1 branch of the dungeon, and saw 2 of its levels.

You collected 52 gold pieces.

Inventory:

Hand Weapons
 c - a +0 dagger (weapon)
Armour
 a - a +0 robe (worn)
Scrolls
 b - a scroll of vulnerability {unknown}


   Skills:
 + Level 0.6 Fighting
 + Level 1.8 Dodging
 - Level 1.7 Stealth
 * Level 2.5 Spellcasting
 * Level 1.3 Conjurations
 * Level 3.7 Fire Magic


You had 4 spell levels left.
You knew the following spells:

 Your Spells              Type           Power      Damage    Failure   Level
a - Foxfire               Conj/Fire      44%        2x1d6     6%          1
b - Scorch                Fire           30%        2d7       5%          2

Your spell library contained the following spells:

 Spells                   Type           Power      Damage    Failure   Level
 Conjure Flame            Conj/Fire      11%        6-21      19%         3
 Inner Flame              Hex/Fire       8%         N/A       24%         3
 Frozen Ramparts          Ice            4%         1d2       45%         3
 Flame Wave               Conj/Fire      11%        2d5       52%         4
 Ice Form                 Ice/Tmut       2%         N/A       86%         4
 Summon Ice Beast         Ice/Summ       2%         N/A       86%         4


Dungeon Overview and Level Annotations

Branches:
Dungeon (2/15)

Altars:

Annotations:
D:2 Sigmund


Innate Abilities, Weirdness & Mutations

You have sharp fingernails.
You are partially covered in icy blue scales. (AC +2)


Message History

Level annotation: Sigmund The ball python bites you but does no damage.
The ball python misses you. The gnoll hits you but does no damage.
The endoplasm closely misses you. Sigmund misses you.
The ball python bites you but does no damage.
The ball python closely misses you. The gnoll hits you with a +0 whip.
There is a stone staircase leading up here.
The gnoll closely misses you. The endoplasm hits you.
The ball python bites you but does no damage.
The ball python closely misses you. The gnoll closely misses you.
The gnoll hits you with a +0 whip.
You climb upwards.
There is a stone staircase leading down here.
Unknown command.
Casting: Foxfire (safe; 6% risk of failure)
Confirm with . or Enter, or press ? or * to list all spells.
Flames lash the ball python.
You kill the ball python!
The endoplasm freezes you.
You are frozen.
The gnoll hits you with a +0 whip.
Unknown command.
Casting: Scorch (safe; 5% risk of failure)
Confirm with . or Enter, or press ? or * to list all spells.
Flames lash the endoplasm.
The endoplasm is severely wounded.
The endoplasm's fire resistance burns away.
The gnoll hits you with a +0 flail!
* * * LOW HITPOINT WARNING * * *
The endoplasm freezes you.
You are frozen.
* * * LOW HITPOINT WARNING * * *
The gnoll barely misses you.
Casting: Scorch (safe; 5% risk of failure)
Confirm with . or Enter, or press ? or * to list all spells.
Flames lash the gnoll.
The gnoll is severely wounded.
The gnoll's fire resistance burns away.
The gnoll misses you. The endoplasm freezes you.
You are frozen.
You die...

#.# #.#
#..####..########..# #.#
#.# #..# #..########..#
#.# #.# #..##
#.......)....# #.#
#.###...# ##.#########.#
#.# #.....#)# #..#
#####.# #.#
#######.#####.####.....#
#.# #............#.###
#.####
######g#####.####...#
#....# #....J@# #.#
##.## ####.# #.####g#
#.# #.# #.# #.####.# #.#
#.# ####.### #.#....#
#.#####.# .......#
#.#.#### #.>.....####
.......# #.#.#
######......
.......####.#.# #..###.
............#.# #..# #.
.......######.# #..# #.


You could see 2 gnolls and an endoplasm (combustible).

Vanquished Creatures
  An adder (D:1)
  2 gnolls (D:2)
  2 endoplasms (D:1)
  A giant cockroach (D:1)
  2 goblins (D:1)
  2 hobgoblins (D:1)
  4 jackals (D:1)
  3 kobolds (D:1)
  A quokka (D:1)
  5 ball pythons (D:1)
  4 frilled lizards
  3 rats (D:1)
30 creatures vanquished.

Vanquished Creatures (others)
  84 foxfires
84 creatures vanquished.

Grand Total: 114 creatures vanquished

Notes
Turn   | Place    | Note
-------+----------+-------------------------------------------
     0 | D:1      | funkygono the Demonspawn Fire Elementalist began the quest
                  | for the Orb.
     0 | D:1      | Reached XP level 1. HP: 13/13 MP: 3/3
   196 | D:1      | Reached skill level 3 in Fire Magic
   199 | D:1      | Gained mutation: You have sharp fingernails. [demonic
                  | ancestry]
   199 | D:1      | Reached XP level 2. HP: 19/19 MP: 0/5
   355 | D:1      | Learned a level 2 spell: Scorch
   710 | D:1      | You fall into a shaft and drop 1 floor!
   717 | D:2      | Gained mutation: You are partially covered in icy blue
                  | scales. (AC +2) [demonic ancestry]
   717 | D:2      | Reached XP level 3. HP: 25/25 MP: 0/6
   749 | D:2      | Noticed Sigmund
  1180 | D:1      | Found a faded altar of an unknown god.
  1323 | D:1      | Frozen to death by an endoplasm

Illustrated notes

Levels and vault maps discovered:
D:1:      lemuel_arrival_behind_the_door_small, layout_loops_ring,
          shapermc_ecumenical_altar_mp_ritualfount, nrook_mini_backslash
D:2:      layout_rooms, uniq_sigmund, uniq_crazy_yiuf_cottage

Skill      XL: |  1 |
---------------+----+-----
Fire Magic     | 3 |  3.7
Fighting       | |  0.6
Dodging        | |  1.8
Stealth        | |  1.7
Spellcasting   | |  2.5
Conjurations   | |  1.3

Action                   || total
-------------------------++-------
Melee: Dagger            ||     1
 Cast: Foxfire           ||    44
       Scorch            ||     5
Armor: Robe              ||     8
Dodge: Dodged            ||    27
